Map: Odyssey LE

Players

SortOf - Winner!

  • Race: Zerg Zerg
  • Spawn Location: 11:00

Sen

  • Race: Zerg Zerg
  • Spawn Location: 5:00

Event: WCS Jonkoping 2017

VOD

Have the link to the VOD?

Description

Time

  • Played on: June 17, 2017, 1:37 p.m.
  • Length: 4:00

All games in this series

Show
View Real Time Build Order
Export as new Build Order

SortOf Zerg - Winner!

Build Orders: Pool First 

Get SALT Encoding   

  12  0:00  Drone  
  13  0:13  Overlord  
  13  0:17  Drone  
  14  0:31  Drone x2  
  14  0:35  Drone  
  17  0:45  Extractor  
  17  0:46  Drone  
  17  0:53  Spawning Pool  
  17  0:56  Drone  
  17  1:08  Drone  
  18  1:17  Hatchery  
  17  1:25  Drone  
  18  1:39  Queen  
  20  1:40  Zergling x4  
  22  1:48  Metabolic Boost  
  22  1:56  Overlord  
  22  2:05  Baneling Nest  
  22  2:06  Drone  
  22  2:15  Queen  
  24  2:19  Zergling x2  
  25  2:23  Zergling x2  
  26  2:30  Zergling x2  
  26  2:36  Zergling x2  
  28  2:43  Zergling x2  
  29  2:46  Zergling x2  
  29  2:48  Overlord  
  29  2:49  Zergling x4  
  32  2:51  Baneling x2  
  32  2:52  Baneling  
  32  2:54  Baneling  
  32  2:58  Zergling x2  
  32  3:05  Zergling x4  
  35  3:14  Drone x2  
  35  3:16  Drone  
  38  3:20  Drone  
  38  3:26  Drone  
  40  3:28  Drone  
  40  3:31  Drone x2  
  40  3:34  Drone  
  43  3:40  Overlord  
Show
View Real Time Build Order
Export as new Build Order

Sen Zerg 

Build Orders: Hatch First 

Get SALT Encoding   

  12  0:01  Drone  
  13  0:12  Overlord  
  13  0:16  Drone  
  14  0:30  Drone x2  
  14  0:34  Drone  
  17  0:52  Hatchery  
  17  0:53  Drone  
  17  0:56  Drone  
  18  1:08  Extractor  
  17  1:11  Spawning Pool  
  17  1:14  Drone  
  17  1:19  Drone  
  18  1:28  Drone  
  19  1:38  Overlord  
  19  1:49  Drone  
  20  1:58  Queen  
  20  2:00  Drone  
  23  2:03  Queen  
  23  2:04  Zergling x2  
  23  2:07  Metabolic Boost  
  26  2:13  Zergling x2  
  27  2:17  Drone  
  28  2:26  Drone x2  
  30  2:33  Overlord  
  30  2:38  Drone  
  30  2:41  Baneling Nest  
  30  2:42  Drone  
  31  2:53  Hatchery  
  31  2:58  Drone  
  31  2:59  Drone x2  
  33  3:07  Drone x3  
  37  3:12  Drone  
  37  3:13  Drone  
  37  3:17  Zergling x4  
  40  3:20  Zergling x2  
  40  3:26  Zergling x2  
  42  3:30  Zergling x2  
  42  3:33  Zergling x4  
  39  3:40  Baneling x2  
  35  3:42  Zergling x2  
Tags
 
Add a new tag
Caveats
  • Supply blocks, unpowered buildings, or Contaminate may cause inaccurate times.
  • Supply counts are checked every 10 seconds.